 Dungeon Crawl Stone Soup version 0.29-a0-541-gaf1fc19f1b (console) character file.

Game seed: 15231180424221462323

963 om the Insei (level 8, -1/50 HPs)
             Began as an Octopode Transmuter on June 2, 2022.
             Slain by a sky beast (6 damage)
             ... on level 6 of the Dungeon.
             The game lasted 00:07:57 (5705 turns).

om the Insei (Octopode Transmuter)                  Turns: 5705, Time: 00:07:57

Health: -1/50      AC:  1    Str: 12    XL:     8   Next: 15%
Magic:  14/14      EV: 18    Int: 15    God:
Gold:   290        SH:  0    Dex: 12    Spells: 9/15 levels left

rFire   . . .      SeeInvis .     - Unarmed
rCold   + . .      Faith    .   (no shield)
rNeg    . . .      Spirit   .   (helmet currently unavailable)
rPois   .          Reflect  .   (no amulet)
rElec   .          Harm     .   k - +4 ring of evasion
rCorr   .          Rampage  .   n - ring of protection from cold
Will    .....                   (no ring)
Stlth   ++........              (no ring)
HPRegen 0.16/turn               (no ring)
MPRegen 0.14/turn               (no ring)
                                (no ring)
                                (no ring)

@: appendages (expiring)
A: tentacle spike 3, almost no armour, amphibious, 8 rings, camouflage 1,
gelatinous body 1, (nimble swimmer 1), tentacles
a: End Transformation


You were on level 6 of the Dungeon.
One of your tentacles had grown a beastly spike.
You visited 1 branch of the dungeon, and saw 6 of its levels.

You collected 290 gold pieces.

Inventory:

Jewellery
 k - a +4 ring of evasion (left tentacle)
 n - a ring of protection from cold (right tentacle)
Wands
 d - a wand of flame (17)
Scrolls
 e - a scroll of noise {unknown}
 f - 3 scrolls of teleportation
 g - a scroll of magic mapping
 h - a scroll of acquirement {unknown}
 j - 3 scrolls of amnesia
 p - a scroll of fear {unknown}
 q - a scroll of fog {unknown}
Potions
 a - a potion of might
 b - a potion of attraction {unknown}
 c - a potion of brilliance
 i - a potion of heal wounds {unknown}
 l - 2 potions of curing {unknown}
 m - a potion of mutation
 o - a potion of invisibility {unknown}


   Skills:
 - Level 2.0 Fighting
 + Level 5.1 Dodging
 + Level 5.6 Unarmed Combat
 - Level 4.0 Spellcasting
 + Level 4.6 Transmutations


You had 9 spell levels left.
You knew the following spells:

 Your Spells              Type           Power      Damage    Failure   Level
a - Beastly Appendage     Tmut           34%        N/A       2%          1
b - Wereblood             Tmut           17%        N/A       4%          2
c - Spider Form           Tmut/Pois      10%        N/A       21%         3

Your spell library contained the following spells:

 Spells                   Type           Power      Damage    Failure   Level
 Magic Dart               Conj           12%        1d3       19%         1
 Searing Ray              Conj           6%         2d4       26%         2
 Ice Form                 Ice/Tmut       10%        N/A       56%         4
 Fulminant Prism          Conj/Hex       1%         3d6       87%         4
 Conjure Ball Lightning   Conj/Air       1%         3x3d6     100%        6
 Discord                  Hex            1%         N/A       100%        8
 Disjunction              Tloc           1%         N/A       100%        8
 Chain Lightning          Conj/Air       1%         3d2       100%        9
 Fire Storm               Conj/Fire      1%         8d1       100%        9
 Shatter                  Erth           1%         3d6*      100%        9


Dungeon Overview and Level Annotations

Branches:
Dungeon (6/15)
 Temple: D:4-7

Altars:

Annotations:
D:4 exclusion: ogre
D:6 Edmund, Menkaure


Innate Abilities, Weirdness & Mutations

One of your tentacles has grown a beastly spike.
You cannot wear most types of armour.
You are amphibious.
You can wear up to eight rings at the same time.
Your skin changes colour to match your surroundings (Stealth+).
Your rubbery body absorbs attacks. (AC +1, EV +1)
((You are camouflaged when in or above water. (Stealth+)))
You have tentacles for arms and can constrict up to eight enemies at once.


Message History

Casting: Beastly Appendage (safe; 2% risk of failure)
Press: ? - help, Q - select action, (/) - cycle Dir - look around, f - activate One of your tentacles grows a vicious spike.
The sky beast flickers out of sight!
Deactivating autopickup; reactivate with Ctrl-A.
A sky beast appears from thin air!
Reactivating autopickup.
The sky beast closely misses you.
You tentacle-slap the sky beast but do no damage.
The sky beast hits you. The sky beast shocks you.
You tentacle-slap the sky beast. You squeeze the sky beast.
The sky beast is lightly wounded.
The sky beast flickers out of sight!
Deactivating autopickup; reactivate with Ctrl-A.
Something barely misses you.
No target in view!
You closely miss something.
Your tentacle spike misses something.
Your squeeze misses something. Something hits you. Something shocks you.
You tentacle-slap something.
Your tentacle spike misses something.
Your squeeze misses something. Something hits you. Something shocks you.
You tentacle-slap something.
Your tentacle spike misses something.
Your squeeze misses something. Something hits you but does no damage.
You miss something.
Your tentacle spike misses something.
Your tentacle-slap misses something.
Something closely misses you.
You miss something.
Your tentacle spike misses something.
You completely miss something. Something hits you. Something shocks you.
You barely miss something.
You pierce something.
Your squeeze misses something. Something closely misses you.
You closely miss something. Something hits you. Something shocks you.
* * * LOW HITPOINT WARNING * * *
You tentacle-slap something.
You pierce something.
Something hits you.
* * * LOW HITPOINT WARNING * * *
Something shocks you.
* * * LOW HITPOINT WARNING * * *
It was a potion of mutation.
You feel extremely strange.
Your transformation is almost over.
Something hits you.
* * * LOW HITPOINT WARNING * * *
Something shocks you.
You die...

.........##.................#
#######.....................#
#######..#.....[............#
.................>###########
####.##..#......### #
#.##..#......# ##
#.##..#.########### .#
#.##..#.....<.....#
.###.##..#......@{...#
.........#...........#
.###.##..#...........#
.....................#
#.##.##..#...........#
#.##.##..#...........#
#..#.##..#...........#
##.#.##..#...........###
#.#.##................##########


There were no monsters in sight!

Vanquished Creatures
  Maggie (D:6)
  3 phantoms
  A scorpion (D:6)
  A necrophage (D:6)
  A hound (D:5)
  A jelly (D:5)
  An orc priest (D:5)
  An iguana (D:5)
  2 orc wizards
  7 adders
  3 white imps (D:5)
  An ufetubus (D:4)
  2 worms
  A dart slug (D:1)
  11 orcs
  An endoplasm (D:1)
  5 giant cockroaches
  3 goblins
  A hobgoblin (D:4)
  4 jackals (D:1)
  A quokka (D:3)
  3 ball pythons
  7 bats
  3 frilled lizards
  6 kobolds
  6 rats
77 creatures vanquished.

Vanquished Creatures (others)
  2 plants (D:3)
2 creatures vanquished.

Grand Total: 79 creatures vanquished

Notes
Turn   | Place    | Note
-------+----------+-------------------------------------------
     0 | D:1      | om the Octopode Transmuter began the quest for the Orb.
     0 | D:1      | Reached XP level 1. HP: 13/13 MP: 3/3
   181 | D:1      | Reached XP level 2. HP: 18/18 MP: 3/5
  1000 | D:2      | Learned a level 2 spell: Wereblood
  1056 | D:2      | Reached XP level 3. HP: 18/23 MP: 4/6
  1360 | D:2      | Learned a level 3 spell: Spider Form
  1776 | D:3      | Reached XP level 4. HP: 28/28 MP: 5/7
  2032 | D:3      | Found a faded altar of an unknown god.
  2844 | D:4      | Noticed an ogre
  2966 | D:4      | Noticed a phantom
  2998 | D:4      | Killed a phantom
  2999 | D:4      | Reached XP level 5. HP: 16/34 MP: 6/9
  3210 | D:5      | Entered Level 5 of the Dungeon
  3644 | D:5      | Reached XP level 6. HP: 22/39 MP: 6/10
  4565 | D:5      | Reached XP level 7. HP: 39/45 MP: 10/12
  5128 | D:6      | Noticed Edmund
  5154 | D:6      | Noticed Menkaure
  5224 | D:6      | Reached skill level 5 in Unarmed Combat
  5382 | D:6      | Noticed Maggie
  5396 | D:6      | Killed Maggie
  5397 | D:6      | Reached skill level 5 in Dodging
  5397 | D:6      | Reached XP level 8. HP: 20/50 MP: 12/14
  5705 | D:6      | Slain by a sky beast

Illustrated notes

Levels and vault maps discovered:
D:1:      psy_arrival_conway, layout_loops_ring, minmay_stone_trees_small,
          wad_floor_pattern_untrapped, corexii_leaking_fountain,
          chequers_serial_rivers_room_b
D:2:      layout_rooms
D:3:      layout_basic, shapermc_ecumenical_altar_acropolis, chequers_big_river
D:4:      layout_loops_ring
D:5:      layout_loops_ring
D:6:      layout_basic, uniq_edmund, uniq_menkaure, uniq_blork_the_orc,
          uniq_maggie

Skill      XL: |  1  2  3  4  5  6  7 |
---------------+----------------------+-----
Unarmed Combat | 4 5 |  5.6
Fighting       | 2 |  2.0
Dodging        | 3 5 |  5.1
Spellcasting   | 3 4 |  4.0
Transmutations | 3 4 |  4.6

Action                   |  1- 3 |  4- 6 |  7- 9 || total
-------------------------+-------+-------+-------++-------
Melee: Unarmed           |    66 |   103 |    60 ||   229
       Tentacles         |    21 |    22 |     6 ||    49
       Constrict         |    21 |    27 |     4 ||    52
       Kick              |    11 |    32 |    17 ||    60
       Punch             |       |     6 |     4 ||    10
 Cast: Beastly Appendage |    22 |    17 |     6 ||    45
       Wereblood         |       |     6 |     1 ||     7
  Use: Scroll            |     1 |     4 |       ||     5
       Potion            |       |     1 |     2 ||     3
 Stab: Sleeping          |     6 |     2 |       ||     8
Armor: Skin              |    10 |     9 |     2 ||    21
Dodge: Dodged            |    42 |    56 |    34 ||   132

Table legend: (Time is in decaauts)
 A = Elapsed time spent in this place.
 B = Non-inter-level travel time spent in this place.
 C = Inter-level travel time spent in this place.
 D = Time resting spent in this place.
 E = Time spent auto-exploring this place.
 F = Levels seen in this place.
 G = Mean time per level.
                   A        B        C        D        E       F      G
               +--------+--------+--------+--------+--------+-----+--------+
         Total |   5687 |   5593 |     94 |   1139 |   3730 |   6 |  947.8 |
       Dungeon |   5687 |   5593 |     94 |   1139 |   3730 |   6 |  947.8 |
               +--------+--------+--------+--------+--------+-----+--------+

Top non-repeatable levels by time:
     D:5: 1646 daAuts
     D:1: 1089 daAuts
     D:4: 860 daAuts
     D:6: 836 daAuts
     D:3: 669 daAuts
     D:2: 584 daAuts
